 Dungeon Crawl Stone Soup version 0.29.1-14-g9c671dbff4 (webtiles) character file.

Game seed: 8948746149244182212

541 cdecastro the Cleaver (level 7, -3/59 HPs)
             Began as a Hill Orc Fighter on Feb 21, 2023.
             Slain by a wraith (6 damage)
             ... in an ossuary.
             The game lasted 00:10:14 (4354 turns).

cdecastro the Cleaver (Hill Orc Fighter)            Turns: 4354, Time: 00:10:14

Health: -3/59      AC: 11    Str: 21    XL:     7   Next: 26%
Magic:  7/7        EV:  7    Int:  8    God:
Gold:   218        SH:  5    Dex: 10    Spells: 6/6 levels left

rFire   . . .      SeeInvis .   a - +0 war axe
rCold   . . .      Faith    .   (no shield)
rNeg    . . .      Spirit   .   s - +0 chain mail
rPois   .          Reflect  +   y - +0 helmet
rElec   .          Harm     .   (no cloak)
rCorr   .          Rampage  .   (no gloves)
Will    .....                   t - +0 pair of boots
Stlth   ..........              m - amulet of reflection
HPRegen 0.19/turn               (no ring)
MPRegen 0.10/turn               (no ring)

@: slowed, very slow
A: no striking features
a: no special abilities


You were in an ossuary.
You visited 1 branch of the dungeon, and saw 4 of its levels.
You also visited: Sewer and Ossuary.

You collected 218 gold pieces.

Inventory:

Hand Weapons
 a - a +0 war axe (weapon)
 q - a +0 hand axe of flaming
 x - a +1 sling of freezing
Missiles
 i - 10 poisoned darts (quivered)
Armour
 c - a +0 buckler
 s - a +0 chain mail (worn)
 t - a +0 pair of boots (worn)
 y - a +0 helmet (worn)
Jewellery
 m - an amulet of reflection (around neck)
 w - an amulet of faith
Wands
 v - a wand of polymorph (9)
 B - a wand of roots (5)
Scrolls
 d - a scroll of noise {unknown}
 f - 2 scrolls of immolation {unknown}
 g - 3 scrolls of teleportation {unknown}
 h - 6 scrolls of butterflies
 j - 2 scrolls of enchant weapon {unknown}
 k - 2 scrolls of poison {unknown}
 l - 2 scrolls of vulnerability {unknown}
 o - a scroll of enchant armour {unknown}
 r - a scroll of magic mapping {unknown}
Potions
 b - 2 potions of haste
 e - a potion of invisibility
 n - 2 potions of resistance
 p - a potion of attraction
 u - a potion of heal wounds {unknown}
 z - a potion of curing {unknown}
 A - 3 potions of mutation {unknown}
 C - a potion of magic {unknown}


   Skills:
 + Level 4.1 Fighting
 - Level 10.0 Axes
 - Level 3.2 Armour
 - Level 3.2 Shields


You had 6 spell levels left.
You didn't know any spells.
Your spell library contained the following spells:

 Spells                   Type           Power      Damage    Failure   Level
 Necrotise                Necr           0%         1d4       99%         1
 Vampiric Draining        Necr           0%         2d6       100%        3
 Agony                    Necr           0%         N/A       100%        5


Dungeon Overview and Level Annotations

Branches:
Dungeon (4/15)              Sewer (visited)         Ossuary (1/1)
 Temple: D:4-7

Altars:


Message History

The wraith hits you but does no damage.
You slash the wraith!
The wraith is heavily damaged.
The wraith hits you but does no damage. The wraith hits you!
You closely miss the wraith.
The wraith is heavily damaged.
The wraith barely misses you.
You barely miss the wraith.
The wraith is heavily damaged.
The wraith hits you but does no damage. The wraith completely misses you.
You barely miss the wraith.
The wraith is heavily damaged.
You feel yourself speed up. The wraith hits you but does no damage.
You closely miss the wraith.
The wraith is heavily damaged.
The wraith hits you!
* * * LOW HITPOINT WARNING * * *
The wraith drains your vigour!
You feel yourself slow down.
You slash the wraith!
The wraith is almost destroyed.
You block the wraith's attack. The wraith hits you!
* * * LOW HITPOINT WARNING * * *
The wraith drains your vigour!
You feel as though you will be slow longer.
You closely miss the wraith.
The wraith is almost destroyed.
The wraith closely misses you.
You hit the wraith but do no damage.
The wraith is almost destroyed.
The wraith hits you!
* * * LOW HITPOINT WARNING * * *
The wraith hits you.
* * * LOW HITPOINT WARNING * * *
The wraith drains your vigour!
You feel as though you will be slow longer.
You closely miss the wraith.
The wraith is almost destroyed.
The wraith hits you.
You die...

#......##.........##......#
#.....##...#####...##.....#
#....##...##...##...##....#
#....#...##..??.##...#....#
#....+...#.?.!!..#...+....#
#....#...##.?!?.##...#....#
#....##...##...##...##....#
#.....##...##W##...##.....#
#......##....@....##......#
#.......#####'#####.......#
#.∩.....................∩.#
#.........................#
############'''############
####...#### #..'...'..#
#..#...#..# ####...####


You could see a wraith.

Vanquished Creatures
  Pargi (Sewer)
  An ogre (D:3)
  A howler monkey (D:4)
  A hound (D:4)
  An orc priest (D:4)
  An orc wizard (D:4)
  A mummy (Ossuary)
  7 gnolls (D:3)
  6 adders
  A river rat (D:4)
  A worm (D:2)
  2 dart slugs
  5 orcs
  10 ball pythons
  6 endoplasms
  5 giant cockroaches
  6 goblins
  6 hobgoblins
  4 jackals
  3 quokkas
  5 bats
  7 frilled lizards
  7 gnoll skeletons (Ossuary)
  2 kobolds
  5 kobold skeletons (Ossuary)
  13 orc skeletons (Ossuary)
  3 rats
111 creatures vanquished.

Notes
Turn   | Place    | Note
-------+----------+-------------------------------------------
     0 | D:1      | cdecastro the Hill Orc Fighter began the quest for the Orb.
     0 | D:1      | Reached XP level 1. HP: 19/19 MP: 1/1
    44 | D:1      | Reached skill level 3 in Axes
   160 | D:1      | Reached XP level 2. HP: 20/26 MP: 2/2
   452 | D:1      | Reached skill level 4 in Axes
   567 | D:1      | Found a faded altar of an unknown god.
  1247 | D:2      | Reached XP level 3. HP: 31/31 MP: 3/3
  1654 | D:2      | Reached skill level 5 in Axes
  1776 | D:2      | Reached XP level 4. HP: 39/39 MP: 4/4
  2518 | D:3      | Reached skill level 6 in Axes
  2708 | D:3      | Noticed an ogre
  2713 | D:3      | Killed an ogre
  2714 | D:3      | Reached skill level 7 in Axes
  2714 | D:3      | Reached XP level 5. HP: 45/45 MP: 5/5
  3353 | D:3      | Reached skill level 8 in Axes
  3353 | D:3      | Reached XP level 6. HP: 29/51 MP: 6/6
  3850 | D:4      | Reached skill level 9 in Axes
  3855 | D:4      | Found a glowing drain.
  3866 | Sewer    | Entered a sewer
  3906 | Sewer    | Noticed Pargi
  3914 | Sewer    | Killed Pargi
  3915 | Sewer    | Reached XP level 7. HP: 57/57 MP: 7/7
  4027 | D:4      | Reached skill level 10 in Axes
  4063 | D:4      | Found a sand-covered staircase.
  4071 | Ossuary  | Entered an ossuary
  4071 | Ossuary  | Noticed a wraith
  4071 | Ossuary  | Noticed a wraith
  4071 | Ossuary  | Noticed a wraith
  4317 | Ossuary  | Noticed a wraith
  4354 | Ossuary  | Slain by a wraith

Illustrated notes

Levels and vault maps discovered:
D:1:      dpeg_arrival_orchard, layout_loops_cross,
          chequers_ecumenical_altar_island, minivault_27, corner_web_ring
D:2:      kennysheep_six_static_rooms, layout_basic
D:3:      wander_river, layout_basic
D:4:      layout_rooms, gup_sewer_entry_bubbles, nicolae_ossuary_entry_monument
Ossuary:  ossuary_due_mausoleum

Skill      XL: |  1  2  3  4  5  6  7 |
---------------+----------------------+-----
Axes           | 3 4 5 7 8 9 10 | 10.0
Fighting       | 4 |  4.1
Armour         | |  3.2
Shields        | |  3.2

Action                   |  1- 3 |  4- 6 |  7- 9 || total
-------------------------+-------+-------+-------++-------
Melee: War axe           |    75 |   142 |    67 ||   284
       Punch             |     1 |       |     1 ||     2
  Use: Potion            |       |     1 |       ||     1
       Scroll            |       |       |     5 ||     5
Armor: Scale mail        |    33 |     4 |       ||    37
       Chain mail        |       |    80 |    31 ||   111
Dodge: Dodged            |    36 |    44 |    20 ||   100
Block: Other             |       |    18 |    10 ||    28
